 Dungeon Crawl Stone Soup version 0.21.1-1-g345015fe64 (webtiles) character file.

101 HessuHobo the Skirmisher (level 4, -10/35 HPs)
             Began as a Demonspawn Abyssal Knight on May 23, 2018.
             Was a Follower of Lugonu.
             Mangled by Denreik's ghost (13 damage)
             ... on level 3 of the Dungeon.
             The game lasted 00:04:05 (2486 turns).

HessuHobo the Skirmisher (DsAK)                     Turns: 2486, Time: 00:04:06

Health: -10/35     AC:  4    Str: 16    XL:     4   Next: 48%
Magic:  5/5        EV: 11    Int: 13    God:    Lugonu [*.....]
Gold:   70         SH:  0    Dex: 12    Spells: 3/3 levels left

rFire    + . .     SeeInvis .   a - +1 hand axe
rCold    . . .     Gourm    .   (no shield)
rNeg     . . .     Faith    .   b - +1 leather armour
rPois    .         Spirit   .   (no helmet)
rElec    .         Reflect  .   (no cloak)
rCorr    .         Harm     .   (no gloves)
MR       .....                  (no boots)
Stlth    ++........             (no amulet)
HPRegen  0.11/turn              (no ring)
MPRegen  0.09/turn              (no ring)

@: no status effects
A: hooves 1, camouflage 1, fire resistance 1, low mp 1, spiny 1, strong 1
a: Depart the Abyss, Renounce Religion


You were on level 3 of the Dungeon.
You worshipped Lugonu.
Lugonu was aware of your devotion.
You were not hungry.

You visited 1 branch of the dungeon, and saw 3 of its levels.
You visited the Abyss 1 time.

You collected 70 gold pieces.

Inventory:

Hand Weapons
 a - a +1 hand axe (weapon)
Armour
 b - a +1 leather armour (worn)
Jewellery
 f - an uncursed ring of positive energy {unknown}
Scrolls
 j - a scroll of magic mapping
 k - 2 scrolls of enchant armour
Potions
 e - a potion of mutation
Comestibles
 c - 3 rations


   Skills:
 + Level 3.5 Fighting
 * Level 3.3 Axes
 * Level 2.6 Armour
 - Level 0.8 Dodging
 + Level 2.6 Invocations


You had 3 spell levels left.
You didn't know any spells.

Dungeon Overview and Level Annotations

Branches:
Dungeon (3/15)

Altars:
Yredelemnul

Annotations:
D:3 Denreik's ghost, amateur FoFi


Innate Abilities, Weirdness & Mutations

You have large cloven feet.
You are partially covered in sharp spines.
Your skin changes colour to match your surroundings (Stealth+).
Your flesh is heat resistant. (rF+)
Your magical capacity is low. (-10% MP)
Your muscles are strong. (Str +2)


Message History

Denreik's ghost closely misses you.
You closely miss Denreik's ghost.
You kick Denreik's ghost, but do no damage.
Denreik's ghost is lightly damaged.
Denreik's ghost hits you.
You hit Denreik's ghost but do no damage.
Denreik's ghost is lightly damaged.
Denreik's ghost barely misses you.
Denreik's ghost is struck by your spines.
Denreik's ghost hits you!
* * * LOW HITPOINT WARNING * * *
You barely miss Denreik's ghost.
Denreik's ghost is moderately damaged.
Denreik's ghost hits you.
* * * LOW HITPOINT WARNING * * *
You hit Denreik's ghost.
You kick Denreik's ghost, but do no damage.
Denreik's ghost is moderately damaged.
Denreik's ghost hits you!
You die...

# .# # #. .#
.#.#
#.#####.##.#.#
#............
..........###
###...[....'..
#...W......####
#....@.........
#...........#
#...........#
#......####.#
###.......# #
#######.# #(#
#.# #. #.#. #.#
.# .


You could see Denreik's ghost.

Vanquished Creatures
  A jelly (D:3)
  2 oozes (D:2)
  A worm (D:3)
  3 dart slugs
  2 leopard geckos (D:2)
  3 bats (D:1)
  3 giant cockroaches
  2 gnoll zombies (D:3)
  7 goblins
  10 hobgoblins
  10 kobolds
  A frilled lizard (D:1)
  2 rats (D:1)
47 creatures vanquished.

Vanquished Creatures (others)
  3 fungi (D:2)
  7 toadstools (D:2)
10 creatures vanquished.

Grand Total: 57 creatures vanquished

Notes
Turn   | Place    | Note
-------+----------+-------------------------------------------
     0 | Abyss:1  | HessuHobo the Demonspawn Abyssal Knight began the quest for the Orb.
     0 | Abyss:1  | Reached XP level 1. HP: 18/18 MP: 2/2
   136 | Abyss:1  | Found an ornate altar of the Wu Jian Council.
   142 | Abyss:1  | Noticed a tentacled starspawn
   143 | D:1      | Escaped the Abyss
   571 | D:1      | Gained mutation: You are partially covered in sharp spines. [demonic ancestry]
   571 | D:1      | Reached XP level 2. HP: 22/24 MP: 3/3
  1285 | D:1      | Reached * piety under Lugonu
  1719 | D:2      | Reached XP level 3. HP: 27/29 MP: 4/4
  1784 | D:2      | Gained mutation: You are frail. (-10% HP) [potion of mutation]
  1784 | D:2      | Gained mutation: You are clumsy. (Dex -2) [potion of mutation]
  1784 | D:2      | Gained mutation: Your skin changes colour to match your surroundings (Stealth+). [potion of mutation]
  1996 | D:3      | Gained mutation: You have large cloven feet. [demonic ancestry]
  1996 | D:3      | Reached XP level 4. HP: 9/31 MP: 5/5
  2439 | D:3      | Found a basalt altar of Yredelemnul.
  2476 | D:3      | Noticed Denreik's ghost (amateur FoFi)
  2477 | D:3      | Lost mutation: You are frail. (-10% HP) [potion of mutation]
  2477 | D:3      | Lost mutation: You are clumsy. (Dex -2) [potion of mutation]
  2477 | D:3      | Gained mutation: Your magical capacity is low. (-10% MP) [potion of mutation]
  2477 | D:3      | Gained mutation: Your muscles are strong. (Str +2) [potion of mutation]
  2477 | D:3      | Gained mutation: Your flesh is heat resistant. (rF+) [potion of mutation]
  2486 | D:3      | Mangled by Denreik's ghost

Skill      XL: |  1  2  3 |
---------------+----------+-----
Axes           | 2 3 |  3.3
Armour         | 2 |  2.6
Fighting       | |  3.5
Dodging        | |  0.8
Invocations    | |  2.6

Action                   |  1- 3 |  4- 6 || total
-------------------------+-------+-------++-------
Melee: Hand axe          |    94 |    22 ||   116
       Kick              |       |     8 ||     8
Invok: Depart the Abyss  |     1 |       ||     1
  Use: Potion            |     6 |     1 ||     7
       Scroll            |     5 |       ||     5
 Stab: Sleeping          |     1 |       ||     1
  Eat: Chunk             |     2 |       ||     2
       Ration            |       |     2 ||     2
Armor: Leather armour    |    28 |     2 ||    30
Dodge: Dodged            |    43 |     6 ||    49
